Construct Section Command Post
Construct Platoon Command Post
Unlock M3 Stuart Light Tanks
Selects Air and Sea Battlegroup
Selects Commando Section Paradrop
Selects Commando LMG Section Paradrop
Construct Company Command Post
Commando LMG Section Paradrop
Unlock Towed 17-pounder Anti-tank Guns
17-pounder Anti-tank Gun Team
Selects Anti-tank Rocket Loiter
Unlock M3 Grant Medium Tanks
Selects Centaur Medium Tank
Selects Naval Bombardment
17-pounder Anti-tank Gun Team